 Dungeon Crawl Stone Soup version 0.27.1 (webtiles) character file.

Game seed: 12275323614742406325

44 funkygono the Firebug (level 3, -1/19 HPs)
             Began as a Gargoyle Fire Elementalist on Aug 29, 2021.
             Slain by a kobold brigand (5 damage)
             ... on level 4 of the Dungeon.
             The game lasted 00:03:50 (1799 turns).

funkygono the Firebug (Gargoyle Fire Elementalist)  Turns: 1799, Time: 00:03:51

Health: -1/19      AC:  6    Str: 11    XL:     3   Next: 60%
Magic:  1/6        EV: 12    Int: 16    God:
Gold:   92         SH:  0    Dex: 10    Spells: 2/6 levels left

rFire    . . .     SeeInvis .   c - +0 whip
rCold    . . .     Faith    .   (no shield)
rNeg     + . .     Spirit   .   a - +1 robe
rPois    ∞         Reflect  .   (no helmet)
rElec    +         Harm     .   (no cloak)
rCorr    .         Rampage  .   (no gloves)
Will     .....                  (no boots)
Stlth    ++........             (no amulet)
HPRegen  0.06/turn              (no ring)
MPRegen  0.10/turn              (no ring)

@: no status effects
A: sickness immunity, AC +3, negative energy resistance 1, electricity
resistance, torment resistance 1, petrification resistance
a: no special abilities


You were on level 4 of the Dungeon.
You visited 1 branch of the dungeon, and saw 3 of its levels.

You collected 92 gold pieces.

Inventory:

Hand Weapons
 c - a +0 whip (weapon)
 d - a +0 mace
Missiles
 h - 34 stones
Armour
 a - a +1 robe (worn)
Scrolls
 j - a scroll of blinking
Potions
 b - a potion of heal wounds {unknown}
 e - a potion of flight {unknown}
 f - a potion of curing {unknown}
 g - a potion of might {unknown}
 i - 2 potions of degeneration {unknown}


   Skills:
 + Level 1.9 Dodging
 + Level 2.4 Stealth
 + Level 2.4 Spellcasting
 + Level 1.5 Conjurations
 + Level 3.6 Fire Magic


You had 2 spell levels left.
You knew the following spells:

 Your Spells              Type           Power      Damage    Failure   Level
a - Foxfire               Conj/Fire      40%        2x1d6     7%          1
b - Conjure Flame         Conj/Fire      10%        6-21      21%         3

Your spell library contained the following spells:

 Spells                   Type           Power      Damage    Failure   Level
 Sandblast                Erth           2%         2d4       21%         1
 Passwall                 Tmut/Erth      0%         N/A       30%         2
 Inner Flame              Hex/Fire       7%         N/A       28%         3
 Sticky Flame             Conj/Fire      10%        2d3       56%         4
 Fireball                 Conj/Fire      5%         3d5       88%         5
 Lee's Rapid Deconstruct  Erth           0%         3d5*      99%         5


Dungeon Overview and Level Annotations

Branches:
Dungeon (2/15)

Altars:


Innate Abilities, Weirdness & Mutations

You are immune to sickness and miasma.
Your stone body is resilient. (AC +3)
You are immune to poison.
You resist negative energy. (rN+)
You are resistant to electric shocks. (rElec)
You are resistant to unholy torment.
You are immune to petrification.


Message History

The kobold brigand is heavily wounded.
Unknown command.
The foxfire hits the kobold brigand but does no damage.
The kobold brigand is heavily wounded.
Casting: Foxfire (safe; 7% risk of failure)
Confirm with . or Enter, or press ? or * to list all spells.
You conjure some foxfire!
Unknown command.
The foxfire hits the kobold brigand.
The kobold brigand is severely wounded.
The foxfire hits the kobold brigand but does no damage.
The kobold brigand is severely wounded.
Casting: Foxfire (safe; 7% risk of failure)
Confirm with . or Enter, or press ? or * to list all spells.
You conjure some foxfire!
The kobold brigand hits you but does no damage.
Unknown command.
The foxfire hits the kobold brigand.
The kobold brigand is severely wounded.
The foxfire hits the kobold brigand.
The kobold brigand is almost dead.
The kobold brigand hits you with a +0 short sword.
Unknown command.
You hit the kobold brigand.
The kobold brigand is almost dead.
The kobold brigand completely misses you.
You barely miss the kobold brigand.
The kobold brigand is almost dead.
The kobold brigand misses you.
You hit the kobold brigand but do no damage.
The kobold brigand is almost dead.
The kobold brigand hits you with a +0 short sword!
You hit the kobold brigand but do no damage.
The kobold brigand is almost dead.
The kobold brigand hits you with a +0 short sword.
* * * LOW HITPOINT WARNING * * *
You barely miss the kobold brigand.
The kobold brigand is almost dead.
The kobold brigand hits you with a +0 short sword.
You die...

#.###############...........##.#.
#..........K...†..#..........#.#.
################..#.#######..#.#.
#..#.#### #..#.#. #..#....#
#..#.#. #..#..######.##.#.
#..##.............
#K....#########.##
#@..............#
#####.########### #.# ###


You could see a kobold brigand.

Vanquished Creatures
  3 dart slugs
  2 ball pythons
  6 bats
  An endoplasm (D:2)
  6 goblins
  6 hobgoblins (D:1)
  3 quokkas (D:1)
  3 frilled lizards
  3 kobolds
  A rat (D:1)
34 creatures vanquished.

Vanquished Creatures (others)
  116 foxfires
116 creatures vanquished.

Grand Total: 150 creatures vanquished

Notes
Turn   | Place    | Note
-------+----------+-------------------------------------------
     0 | D:1      | funkygono the Gargoyle Fire Elementalist began the quest
                  | for the Orb.
     0 | D:1      | Reached XP level 1. HP: 10/10 MP: 3/3
   374 | D:1      | Reached XP level 2. HP: 15/15 MP: 1/5
   929 | D:1      | Reached XP level 3. HP: 13/19 MP: 0/6
   933 | D:1      | Learned a level 3 spell: Conjure Flame
  1686 | D:2      | You fall into a shaft and drop 2 floors!
  1765 | D:4      | Noticed a kobold brigand
  1799 | D:4      | Slain by a kobold brigand

Illustrated notes

Levels and vault maps discovered:
D:1:      ebering_trefoil_3fold, layout_basic
D:2:      layout_rooms, minmay_pentomino_pile
D:4:      layout_basic

Action                   || total
-------------------------++-------
Melee: Whip              ||     8
 Cast: Foxfire           ||    71
  Use: Scroll            ||     3
Armor: Robe              ||    11
Dodge: Dodged            ||    28
